 Dungeon Crawl Stone Soup version 0.31-a0-728-g01b46875f1 (webtiles) character file.

Game seed: 13249728824838440694

0 GauntletMafia the Trooper (level 1, -1/18 HPs)
             Began as a Demonspawn Berserker on Sept 11, 2023.
             Was a Follower of Trog.
             Slain by a quokka (3 damage)
             ... on level 1 of the Dungeon.
             The game lasted 00:00:37 (77 turns).

GauntletMafia the Trooper (Demonspawn Berserker)      Turns: 77, Time: 00:00:38

Health: -1/18      AC:  2    Str: 17    XL:     1   Next: 8%
Magic:  1/1        EV: 12    Int:  8    God:    Trog [*.....]
Gold:   7          SH:  0    Dex: 12    Spells: 0/0 levels left

rFire   . .          .
                       - Unarmed
rCold   . . .        (no shield)
rNeg    . . .        a - +0 animal skin
rPois   .            (no helmet)
rElec   .            (no cloak)
rCorr   .            (no gloves)
SInv    .            (no boots)
Will    .....        (no amulet)
Stlth   +            (no ring)
HPRegen 0.23/turn    (no ring)
MPRegen 0.07/turn

%: no passive effects
@: no status effects
A: no striking features
a: Renounce Religion, Berserk


You were on level 1 of the Dungeon.
You worshipped Trog.
Trog was aware of your devotion.
You visited 1 branch of the dungeon, and saw 1 of its levels.

You collected 7 gold pieces.

Inventory:

Missiles
 b - 6 stones (quivered)
Armour
 a - a +0 animal skin (worn)


   Skills:
 + Level 3.0 Fighting
 + Level 1.7 Armour
 + Level 1.7 Dodging
 + Level 2.7 Unarmed Combat


You couldn't memorise any spells.
You didn't know any spells.
Your spell library was empty.

Dungeon Overview and Level Annotations

Branches:
Dungeon (1/15)

Altars:


Message History

The kobold hits you with a +0 dagger.
You closely miss the kobold.
The kobold is moderately wounded.
The bat hits you but does no damage. The quokka bites you.
The bat closely misses you. The kobold hits you with a +0 dagger.
The quokka misses you.
You miss the kobold.
The kobold is moderately wounded.
The bat barely misses you. The kobold closely misses you. The quokka bites you.
* * * LOW HITPOINT WARNING * * *
You barely miss the quokka.
The quokka is almost dead.
The quokka closely misses you. The kobold closely misses you.
You hit the kobold but do no damage.
The kobold is moderately wounded.
The bat closely misses you. The bat hits you but does no damage.
The quokka barely misses you. The bat hits you but does no damage.
The kobold misses you.
Unknown command.
You closely miss the kobold.
The kobold is moderately wounded.
The bat hits you but does no damage.
The quokka twitches its whiskers.
The quokka closely misses you. The bat hits you.
* * * LOW HITPOINT WARNING * * *
The kobold hits you with a +0 dagger.
* * * LOW HITPOINT WARNING * * *
You hit the kobold.
You kill the kobold!
Trog accepts your kill. The bat hits you but does no damage.
The quokka closely misses you.
Unknown command.
Found a stone staircase leading down.
The bat hits you but does no damage. The quokka barely misses you. x2
Things that are here:
a +0 dagger; a kobold corpse The bat hits you.
* * * LOW HITPOINT WARNING * * *
You barely miss the bat. The bat barely misses you. The quokka bites you.
You die...

.. #.### ...# #..######.
.. ####.........
P.####..........$.
~PP.P#............ ~♣
♣~PPPP....rb......
~P~♣≈♣~P.P...@.......
.~PP♣~≈~~P............
.~PPP♣♣≈~~P...........
###.P♣~≈♣~P~...........
##PPPP♣~~~P~..........:.
~P~~~♣~~P.~P............
P~~~♣P.~P............>..
~♣~PP~~.#.##............
PPP~......##.........


You could see a quokka and a bat.

Vanquished Creatures
  A kobold (D:1)
1 creature vanquished.

Notes
Turn   | Place    | Note
-------+----------+-------------------------------------------
     0 | D:1      | GauntletMafia the Demonspawn Berserker began the quest for
                  | the Orb.
     0 | D:1      | Reached XP level 1. HP: 18/18 MP: 1/1
    77 | D:1      | Slain by a quokka

Illustrated notes

Levels and vault maps discovered:
D:1:      saegor_arrival_simple_a, layout_basic, serial_bayou_lagoon_a

Action                     || total
---------------------------++-------
  Melee: Unarmed           ||    13
  Throw: Stone             ||     1
 Armour: Animal skin       ||    18
  Dodge: Dodged            ||    27

Table legend: (Time is in decaauts)
 A = Elapsed time spent in this place.
 B = Non-inter-level travel time spent in this place.
 C = Inter-level travel time spent in this place.
 D = Time resting spent in this place.
 E = Time spent auto-exploring this place.
 F = Levels seen in this place.
 G = Mean time per level.
                   A        B        C        D        E       F      G
               +--------+--------+--------+--------+--------+-----+--------+
         Total |     77 |     77 |      0 |      0 |      0 |   1 |   77.0 |
       Dungeon |     77 |     77 |      0 |      0 |      0 |   1 |   77.0 |
               +--------+--------+--------+--------+--------+-----+--------+

Top non-repeatable levels by time:
     D:1: 77 daAuts
